 Dungeon Crawl Stone Soup version 0.28.0-45-g0d030f2227 (webtiles) character file.

Game seed: 2408396934321173597

782 MisterFreud the Poker (level 7, -4/62 HPs)
             Began as a Naga Fighter on Apr 18, 2022.
             Was a Follower of Cheibriados.
             Killed from afar by an electric eel (9 damage)
             ... with a bolt of electricity
             ... on level 6 of the Dungeon.
             The game lasted 00:06:52 (5424 turns).

MisterFreud the Poker (Naga Fighter)                Turns: 5424, Time: 00:06:53

Health: -4/62      AC:  7    Str: 21    XL:     7   Next: 86%
Magic:  7/7        EV: 22    Int: 16    God:    Cheibriados [*.....]
Gold:   98         SH:  4    Dex: 14    Spells: 6/6 levels left

rFire   . . .      SeeInvis +   b - +5 hunting sling (freeze)
rCold   . . .      Faith    .   c - +0 buckler
rNeg    . . .      Spirit   .   p - +0 scale mail
rPois   +          Reflect  .   j - +0 helmet
rElec   .          Harm     .   (no cloak)
rCorr   .          Rampage  .   (no gloves)
Will    .....                   (no barding)
Stlth   ..........              i - amulet of the acrobat
HPRegen 0.20/turn               x - +6 ring of intelligence
MPRegen 0.10/turn               (no ring)

@: acrobatic, very slow
A: AC +2, large, see invisible, deformed body, poison resistance, slowness 2,
spit poison 1, naga tail 1
a: Spit Poison, Renounce Religion, Bend Time


You were on level 6 of the Dungeon.
You worshipped Cheibriados.
Cheibriados was aware of your devotion.
You visited 2 branches of the dungeon, and saw 7 of its levels.
You also visited: Sewer.

You collected 169 gold pieces.
You spent 71 gold pieces at shops.

Inventory:

Hand Weapons
 a - a +0 trident
 b - a +5 hunting sling of freezing (weapon)
Missiles
 h - 23 poisoned darts
 q - 128 stones (quivered ammo)
 s - 2 atropa-tipped darts
 A - 11 sling bullets
 F - a curare-tipped dart
Armour
 c - a +0 buckler (worn)
 j - a +0 helmet (worn)
 p - a +0 scale mail (worn)
Jewellery
 f - an amulet of magic regeneration
 i - an amulet of the acrobat (around neck)
 x - a +6 ring of intelligence (left hand)
 B - the ring of Toraluhergh {rN+ MP+9 Str+4}
   (You found it on level 5 of the Dungeon)

   [ring of magical power]

   Str:       It affects your strength (+4).
   rN:        It protects you from negative energy.
   MP:        It affects your magic capacity (+9).
Wands
 g - a wand of acid (3)
Scrolls
 e - 2 scrolls of fog {unknown}
 k - a scroll of immolation {unknown}
 l - 2 scrolls of magic mapping {unknown}
 n - 4 scrolls of teleportation
 r - 2 scrolls of identify {unknown}
 u - a scroll of fear
 v - a scroll of holy word {unknown}
 y - 2 scrolls of enchant armour {unknown}
 D - a scroll of blinking {unknown}
Potions
 d - 4 potions of might
 m - a potion of flight {unknown}
 o - a potion of curing
 t - a potion of lignification {unknown}
 w - a potion of berserk rage {unknown}
 z - 2 potions of heal wounds {unknown}
 C - 2 potions of resistance {unknown}
 E - 2 potions of cancellation {unknown}
 G - 2 potions of mutation {unknown}


   Skills:
 - Level 3.0 Fighting
 - Level 6.3 Polearms
 + Level 5.2 Slings
 - Level 2.4 Armour
 - Level 2.4 Shields


You had 6 spell levels left.
You didn't know any spells.
Your spell library contained the following spells:

 Spells                   Type           Power      Damage    Failure   Level
 Confusing Touch          Hex            0%         N/A       95%         3
 Summon Guardian Golem    Hex/Summ       0%         N/A       95%         3
 Yara's Violent Unravell  Hex/Tmut       0%         3d3       100%        5
 Enfeeble                 Hex            0%         N/A       100%        7
 Orb of Destruction       Conj           0%         9d5       100%        7
 Spellforged Servitor     Conj/Summ      0%         N/A       100%        7


Dungeon Overview and Level Annotations

Branches:
Dungeon (6/15)             Temple (1/1) D:4           Sewer (visited)

Altars:
Ashenzari
Cheibriados
Dithmenos
Elyvilon
Fedhas
Gozag
Hepliaklqana
Kikubaaqudgha
Makhleb
Nemelex Xobeh
Qazlal
Ru
Sif Muna
Trog
Uskayaw
Vehumet
Wu Jian
Xom
Yredelemnul
Zin

Shops:
D:4 ?


Innate Abilities, Weirdness & Mutations

Your serpentine skin is tough. (AC +2)
You have supernaturally acute eyesight. (SInv)
Armour fits poorly on your strangely shaped body.
Your system is resistant to poisons. (rPois)
You cover ground very slowly.
You can spit poison.
You have a snake-like lower body.


Message History

The electric eel seems to slow down.
The stone freezes the electric eel.
You kill the electric eel!
Cheibriados appreciates the change of pace.
You hear a splash.
Unknown command.
A nearby plant withers and dies.
The electric eel shoots out a bolt of lightning at you!
The bolt of electricity misses you. The sky beast completely misses you.
The sky beast barely misses you.
A nearby plant withers and dies.
The sky beast misses you.
The sky beast hits you but does no damage.
The electric eel shoots out a bolt of lightning at you!
The bolt of electricity hits you.
The electric eel shoots out a bolt of lightning at you!
The bolt of electricity misses you. The sky beast misses you.
The electric eel shoots out a bolt of lightning at you!
The bolt of electricity hits you!
* * * LOW HITPOINT WARNING * * *
The bolt of electricity hits you!
* * * LOW HITPOINT WARNING * * *
The electric eel shoots out a bolt of lightning at you!
The bolt of electricity misses you. x2; The sky beast misses you.
It was a potion of curing.
You feel better.
The sky beast hits you but does no damage.
As you read the scroll of fear, it crumbles to dust.
You assume a fearsome visage.
The sky beast looks frightened!
The electric eel looks frightened!
Okay, then.
The sky beast flickers out of sight for a moment.
You enter the shallow water.
Moving in this stuff is going to be slow.
The electric eel shoots out a bolt of lightning at you!
The bolt of electricity misses the sky beast.
The bolt of electricity hits you!
* * * LOW HITPOINT WARNING * * *
The electric eel seems to regain its courage.
The electric eel shoots out a bolt of lightning at you!
The bolt of electricity hits you!
You die...

#.....##
##...##♣≈≈≈PP≈..≈≈≈♣
##'##♣≈≈≈≈P≈≈...P≈
#.# ♣≈≈≈≈P≈≈...≈≈
#.# ♣≈≈≈≈S♣...P≈♣
##.##♣≈≈≈≈≈≈Y.≈P≈♣♣
##...#♣P≈≈(≈....≈≈≈♣
......♣P≈(≈≈....≈≈P♣
.#...#.≈≈♣(≈P...@P≈♣
.##.###...♣≈≈..≈≈♣♣#
#.# ###..≈♣..≈♣♣ #.#
##.≈...≈≈# #.#
##.≈..♣≈# #.#
##...### #. #####


You could see a sky beast (invisible) and an electric eel.

Vanquished Creatures
  A black bear (D:4)
  An orc warrior (D:5)
  A necrophage (D:5)
  A kobold brigand (Sewer)
  A scorpion (D:5)
  A howler monkey (D:5)
  An electric eel (D:6)
  A bullfrog zombie (D:5)
  2 orc priests
  2 bullfrog skeletons
  Robin (D:2)
  An adder (D:2)
  A white imp (D:6)
  2 ufetubi (D:4)
  An adder skeleton (D:5)
  3 worms
  2 dart slugs
  6 orcs
  6 endoplasms
  5 giant cockroaches
  16 goblins
  14 hobgoblins
  2 jackals (D:3)
  14 kobolds
  3 quokkas
  10 ball pythons
  4 bats
  5 frilled lizards
  9 rats
  A spectral hobgoblin (D:1)
118 creatures vanquished.

Vanquished Creatures (others)
  4 plants
4 creatures vanquished.

Grand Total: 122 creatures vanquished

Notes
Turn   | Place    | Note
-------+----------+-------------------------------------------
     0 | D:1      | MisterFreud the Naga Fighter began the quest for the Orb.
     0 | D:1      | Reached XP level 1. HP: 21/21 MP: 1/1
    73 | D:1      | Found a faded altar of an unknown god.
   668 | D:1      | Reached XP level 2. HP: 28/28 MP: 2/2
   740 | D:1      | Reached skill level 3 in Polearms
   969 | D:2      | Reached XP level 3. HP: 34/34 MP: 3/3
  1201 | D:2      | Noticed Robin
  1219 | D:2      | Killed Robin
  1220 | D:2      | Reached skill level 4 in Polearms
  1242 | D:2      | Reached XP level 4. HP: 16/42 MP: 4/4
  1763 | D:2      | Found a broken altar of Ashenzari.
  2891 | D:4      | Reached skill level 5 in Polearms
  2891 | D:4      | Reached XP level 5. HP: 44/49 MP: 5/5
  2902 | D:4      | Noticed a black bear
  2909 | D:4      | Killed a black bear
  2910 | D:4      | Reached skill level 6 in Polearms
  2921 | D:4      | Found Lerchaphe's Magic Scroll Emporium.
  2926 | D:4      | Bought a scroll of teleportation for 33 gold pieces
  2926 | D:4      | Bought a scroll of fear for 38 gold pieces
  3010 | D:4      | Reached XP level 6. HP: 56/56 MP: 6/6
  3131 | D:4      | Found a staircase to the Ecumenical Temple.
  3148 | Temple   | Entered the Ecumenical Temple
  3424 | Temple   | Became a worshipper of Cheibriados the Contemplative
  3483 | D:4      | Reached skill level 1 in Slings
  3787 | D:5      | Entered Level 5 of the Dungeon
  3897 | D:5      | Noticed a necrophage
  3903 | D:5      | Killed a necrophage
  3904 | D:5      | Reached XP level 7. HP: 55/62 MP: 7/7
  4034 | D:5      | Identified the ring of Toraluhergh {rN+ MP+9 Str+4}
  4107 | D:5      | Found a glowing drain.
  4120 | Sewer    | Entered a sewer
  4203 | Sewer    | Reached * piety under Cheibriados
  5036 | D:5      | Reached skill level 5 in Slings
  5309 | D:6      | Found a sparkling altar of Nemelex Xobeh.
  5350 | D:6      | Found a shimmering blue altar of Sif Muna.
  5424 | D:6      | Killed from afar by an electric eel

Illustrated notes

Levels and vault maps discovered:
D:1:      wander_arrival_lonely_grave, layout_basic,
          dreamdust_ecumenical_altar_drowned_temple,
          chequers_serial_rivers_micro_a
D:2:      layout_loops_ring, basic_altar, st_stairs_10, uniq_robin
D:3:      layout_basic
D:4:      corexii_shack_village, layout_rooms, temple_green, serial_shops,
          nicolae_shop_trees, chequers_garden, chequers_serial_rivers_small_b
D:5:      layout_loops_ring, portal_sewer_entry_b
D:6:      minmay_recursive_quarters, layout_loops_corners,
          nicolae_overflow_hidden_temple, serial_bayou_ford_a
Temple:   hc_temple_tempest_star

Skill      XL: |  1  2  3  4  5  6  7 |
---------------+----------------------+-----
Polearms       | 3 4 5 6 |  6.3
Slings         | 3 5 |  5.2
Fighting       | |  3.0
Armour         | |  2.4
Shields        | |  2.4

Action                   |  1- 3 |  4- 6 |  7- 9 || total
-------------------------+-------+-------+-------++-------
Melee: Trident           |   102 |    46 |       ||   148
 Fire: Hunting sling     |       |    82 |    84 ||   166
 Abil: Spit Poison       |    20 |    16 |       ||    36
  Use: Scroll            |       |       |     1 ||     1
       Potion            |       |       |     1 ||     1
Armor: Scale mail        |    17 |    29 |    14 ||    60
Dodge: Dodged            |    26 |    28 |    27 ||    81
Block: Buckler           |    12 |     7 |     8 ||    27
